 Dungeon Crawl Stone Soup version 0.24-a0-415-g6d73c25c48 (webtiles) character file.

Game seed: 7138169037895919563

19 ohad the Insei (level 2, -6/18 HPs)
             Began as an Octopode Transmuter on June 7, 2019.
             Mangled by an iguana (13 damage)
             ... on level 2 of the Dungeon.
             The game lasted 00:01:50 (1076 turns).

ohad the Insei (Octopode Transmuter)                Turns: 1076, Time: 00:01:51

Health: -6/18      AC:  1    Str:  9    XL:     2   Next: 75%
Magic:  1/5        EV: 13    Int: 15    God:
Gold:   84         SH:  0    Dex: 12    Spells: 2/5 levels left

rFire    . . .     SeeInvis .     - Unarmed
rCold    . . .     Gourm    .   (no shield)
rNeg     . . .     Faith    .   (helmet restricted)
rPois    .         Spirit   .   (no amulet)
rElec    .         Reflect  .   (no ring)
rCorr    .         Harm     .   (no ring)
MR       .....                  (no ring)
Stlth    ++........             (no ring)
HPRegen  0.06/turn              (no ring)
MPRegen  0.09/turn              (no ring)
                                (no ring)
                                (no ring)

@: appendage (expiring), very slightly contaminated
A: almost no armour, stealthy swim, amphibious, 8 rings, constrict 8, tentacle
spike 3, camouflage 1, gelatinous body 1
a: End Transformation


You were on level 2 of the Dungeon.
You were hungry.
One of your tentacles had a temporary spike.
You visited 1 branch of the dungeon, and saw 2 of its levels.

You collected 84 gold pieces.

Inventory:

Missiles
 a - 12 arrows
Scrolls
 b - 3 scrolls of blinking {unknown}
 e - a scroll of magic mapping {unknown}
 f - a scroll of fog {unknown}
 h - a scroll of remove curse {unknown}
 i - a scroll of enchant armour {unknown}
 k - a scroll of identify {unknown}
Potions
 g - a potion of cancellation {unknown}
 j - a potion of degeneration {unknown}
 l - 2 potions of curing {unknown}
Comestibles
 c - 4 rations


   Skills:
 * Level 1.3 Fighting
 * Level 2.1 Dodging
 * Level 3.6 Unarmed Combat
 - Level 2.0 Spellcasting
 - Level 2.0 Transmutations


You had 2 spell levels left.
You knew the following spells:

 Your Spells              Type           Power        Failure   Level  Hunger
a - Beastly Appendage     Tmut           #.....       10%         1    #......
b - Sticks to Snakes      Tmut           #.......     14%         2    ###....

Your spell library contained the following spells:

 Spells                   Type           Power        Failure   Level  Hunger
 Spider Form              Tmut/Pois      #.........   41%         3    ###....
 Ice Form                 Ice/Tmut       #.......     82%         4    #####..
 Blade Hands              Tmut           #.........   95%         5    ######.


Dungeon Overview and Level Annotations

Branches:
Dungeon (2/15)

Altars:


Innate Abilities, Weirdness & Mutations

You cannot wear most types of armour.
You are very stealthy in the water. (Stealth+)
You are amphibious.
You can wear up to eight rings at the same time.
You can use your tentacles to constrict eight enemies at once.
Your skin changes colour to match your surroundings (Stealth+).
Your rubbery body absorbs attacks. (AC +1, EV +1)
One of your tentacles bears a large vicious spike.


Message History

The iguana barely misses you.
You tentacle-slap the iguana. Your grab misses the iguana.
Your tentacle spike misses the iguana.
The iguana is lightly wounded.
The iguana bites you.
You closely miss the iguana. You grab the iguana. You squeeze the iguana.
The iguana is heavily wounded.
You constrict the iguana, but do no damage.
The iguana bites you.
You tentacle-slap the iguana.
You pierce the iguana, but do no damage.
The iguana is severely wounded.
You constrict the iguana, but do no damage.
Unknown command.
You tentacle-slap the iguana but do no damage.
The iguana is severely wounded.
Your transformation is almost over.
You constrict the iguana. The iguana bites you!
Ouch! That really hurt!
You die...

#.# #.# #.# #.#
.######.#######
..............l
###.#######
#.......l.#
#.#.#####@#
...#.# #.#
#.###.#.....#
#.#...#g##### #
#<#.# #####


You could see an iguana.

Vanquished Creatures
  A dart slug (D:1)
  A goblin (D:1)
  4 hobgoblins
  4 bats (D:1)
  2 frilled lizards (D:1)
  2 kobolds (D:1)
  5 rats
19 creatures vanquished.

Notes
Turn   | Place    | Note
-------+----------+-------------------------------------------
     0 | D:1      | ohad the Octopode Transmuter began the quest for the Orb.
     0 | D:1      | Reached XP level 1. HP: 13/13 MP: 3/3
   146 | D:1      | Reached XP level 2. HP: 14/18 MP: 3/5
  1061 | D:2      | Learned a level 2 spell: Sticks to Snakes
  1076 | D:2      | Mangled by an iguana

Levels and vault maps discovered:
D:1:      dpeg_arrival_simpleton_c, layout_basic,
          hangedman_decor_clover_reticule
D:2:      layout_basic, uniq_robin, uniq_sigmund, uniq_terence

Action                   || total
-------------------------++-------
Melee: Unarmed           ||    46
       Constrict         ||    11
       Tentacles         ||     8
       Kick              ||     3
 Cast: Beastly Appendage ||     4
 Stab: Sleeping          ||     3
Armor: Skin              ||     1
Dodge: Dodged            ||    24

Table legend:
 A = Non-vault XP
 B = Vault XP
 C = Vault XP percentage of total XP
 D = Non-vault monster count
 E = Vault monster count
 F = Vault count percentage of total count
                 A         B        C        D         E       F
            +---------+---------+-------+---------+---------+-------
      Total |      28 |       0 |   0.0 |      19 |       0 |   0.0
            +---------+---------+-------+---------+---------+-------
        D:1 |      23 |       0 |   0.0 |      16 |       0 |   0.0
        D:2 |       5 |       0 |   0.0 |       3 |       0 |   0.0
            +---------+---------+-------+---------+---------+-------
